 Dungeon Crawl Stone Soup version 0.19.0-2-gae57169 (webtiles) character file.

2657 Khazard the Destroyer (level 9, -5/45 HPs)
             Began as a Tengu Wizard on Nov 5, 2016.
             Was a Follower of Makhleb.
             Slain by an ogre
             ... wielding a +0 giant club
              (7 damage)
             ... on level 7 of the Dungeon.
             The game lasted 00:11:56 (9021 turns).

Khazard the Destroyer (Tengu Wizard)                Turns: 9021, Time: 00:11:56

Health: -5/45      AC:  4    Str:  7    XL:     9   Next: 62%
Magic:  15/18      EV: 12    Int: 22    God:    Makhleb [*.....]
Gold:   369        SH:  0    Dex: 13    Spells: 6 memorised, 6 levels left

rFire  . . .     SeeInvis .     l - +1 whip (drain)
rCold  + . .     Gourm    .     w - +2 leather armour {rC+}
rNeg   . . .     Faith    .     (no shield)
rPois  .         Spirit   .     q - +0 hat
rElec  .         Reflect  .     (no cloak)
rCorr  .         Harm     .     (no gloves)
MR     .....     Rnd*Rage +     (boots unavailable)
Stlth  ++........               (no amulet)
                                (no ring)
                                (no ring)

@: lethally poisoned (-5 -> -6), repel missiles
A: beak, talons 3, berserk 1, deformed body, mutation resistance 1, shaggy fur
1, no device heal 1, MP-powered wands, able to fly 1
a: Fly, Renounce Religion


You were on level 7 of the Dungeon.
You worshipped Makhleb.
Makhleb was aware of your devotion.
You were not hungry.

You visited 2 branches of the dungeon, and saw 8 of its levels.
You also visited: Sewer.

You collected 369 gold pieces.

Inventory:

Hand Weapons
 a - a +1 flail of protection
 b - a +3 quarterstaff of chaos
 g - a +2 trident of flaming
 l - a +1 whip of draining (weapon)
Armour
 e - a +0 robe
 q - a +0 hat (worn)
 s - a +1 ring mail of fire resistance
 w - a +2 leather armour of cold resistance (worn)
Wands
 y - a wand of polymorph (8/24)
Scrolls
 d - 2 scrolls of blinking
 f - 4 scrolls of remove curse
 h - a scroll of enchant armour
 t - a scroll of fear
 u - a scroll of identify
Books
 c - a book of Minor Magic

   Spells                             Type                      Level
   a - Magic Dart                     Conjuration                  1
   b - Blink                          Translocation                2
   c - Call Imp                       Summoning                    2
   d - Repel Missiles                 Charms/Air                   2
   e - Slow                           Hexes                        2
   f - Conjure Flame                  Conjuration/Fire             3
   g - Mephitic Cloud                 Conjuration/Poison/Air       3
Comestibles
 k - 4 fruits
 v - 2 bread rations
 x - a royal jelly


   Skills:
 * Level 3.1 Dodging
 - Level 2.6 Stealth
 + Level 5.9 Spellcasting
 * Level 9.9 Conjurations
 - Level 1.2 Charms
 - Level 2.2 Summonings
 + Level 1.6 Translocations
 * Level 1.3 Fire Magic
 * Level 9.2 Air Magic
 - Level 2.0 Poison Magic


You had 6 spell levels left.
You knew the following spells:

 Your Spells              Type           Power        Failure   Level  Hunger
a - Magic Dart            Conj           ####         1%          1    None
b - Blink                 Tloc           N/A          12%         2    None
c - Call Imp              Summ           ###.....     10%         2    None
d - Conjure Flame         Conj/Fire      ####....     4%          3    #......
e - Mephitic Cloud        Conj/Pois/Air  #####...     1%          3    #......
k - Repel Missiles        Chrm/Air       ####..       2%          2    None


Dungeon Overview and Level Annotations

Branches:
Dungeon (7/15)             Temple (1/1) D:5

Altars:
Ashenzari
Fedhas
Makhleb
Sif Muna
Trog
Uskayaw
Xom

Portals:
Ossuary: D:7


Innate Abilities, Weirdness & Mutations

You have a beak for a mouth.
You have claws for feet.
You can fly.
You tend to lose your temper in combat.
Armour fits poorly on your strangely shaped body.
You are somewhat resistant to further mutation.
You are covered in fur. (AC +1)
Potions and wands are less effective at restoring your health.
You expend magic power (3 MP) to strengthen your wands.


Message History

You hear a shout!
The human is engulfed in noxious fumes.
The human appears confused.
The human hits you with a mace!
* * * LOW HITPOINT WARNING * * *
Unknown command.
Unknown command.
You hit the human but do no damage. You drain the human!
Your kick misses the human. You peck the human, but do no damage.
The human is lightly wounded.
You are engulfed in noxious fumes.
* * * LOW HITPOINT WARNING * * *
You feel less confused.
The human is engulfed in noxious fumes.
The human appears confused.
* * * LOW HITPOINT WARNING * * *
You feel sick.
The human is engulfed in noxious fumes.
The human appears confused.
Unknown command.
You aren't carrying any potions.
The ogre hits you with a giant club!
You die...

#pp.#...# #'###...# ........#
.......(# # .......(# #### #
##...##.# #.p### #
.....##.####....### #
##...##....p.##O..####### #
#.....(....S§§.@.......##### #
#......(########..####.....#####
#....#..# ##.# #####.p.p..
#........ #.# #####.. #...####.#
#[. ### #### .. ##.# ### .. #.#
..


You could see 2 humans, an ogre and an adder.

Vanquished Creatures
  Pikel (D:5)
  Menkaure (D:5)
  Purgy (Sewer)
  A black bear (D:6)
  A sky beast (D:6)
  An orc warrior (D:6)
  An ice beast (D:6)
  4 slaves (D:4)
  A necrophage (D:6)
  3 ogres
  A phantom (D:5)
  2 bullfrogs
  3 scorpions
  A killer bee (D:6)
  A water moccasin skeleton (D:4)
  2 howler monkeys
  2 crimson imps
  A hound (D:7)
  Crazy Yiuf (D:3)
  3 orc priests
  A bullfrog skeleton (D:7)
  An iguana (D:5)
  Ijyb (D:2)
  Natasha (D:3)
  5 orc wizards
  Terence (D:3)
  5 worker ants
  A worker ant zombie (D:5)
  4 adders
  2 adder skeletons
  3 worms
  2 dart slugs
  3 leopard geckos
  28 orcs
  6 bats
  7 giant cockroaches
  4 goblins
  7 hobgoblins
  8 jackals
  A quokka (D:3)
  A ball python (D:4)
  4 frilled lizards
  A jackal skeleton (D:7)
  7 kobolds
  4 rats
  3 butterflies (D:6)
143 creatures vanquished.

Vanquished Creatures (collateral kills)
  2 worker ants (D:6)
  An adder (D:4)
  A giant cockroach (D:6)
  2 jackals (D:4)
  A kobold (Sewer)
7 creatures vanquished.

Vanquished Creatures (others)
  A worker ant (D:6)
1 creature vanquished.

Grand Total: 151 creatures vanquished

Notes
Turn   | Place    | Note
-------+----------+-------------------------------------------
     0 | D:1      | Khazard the Tengu Wizard began the quest for the Orb.
     0 | D:1      | Reached XP level 1. HP: 10/10 MP: 5/5
   134 | D:1      | Reached XP level 2. HP: 15/15 MP: 0/7
   844 | D:2      | Noticed Ijyb
   865 | D:2      | Killed Ijyb
   865 | D:2      | Reached XP level 3. HP: 3/19 MP: 0/9
   869 | D:2      | Learned a level 2 spell: Call Imp
   872 | D:2      | Learned a level 2 spell: Blink
   875 | D:2      | Learned a level 2 spell: Repel Missiles
  1478 | D:2      | Reached XP level 4. HP: 19/24 MP: 10/10
  1773 | D:2      | Learned a level 3 spell: Mephitic Cloud
  2220 | D:3      | Reached skill level 1 in Air Magic
  2278 | D:3      | Noticed Terence
  2351 | D:3      | Noticed Natasha
  2510 | D:3      | Killed Natasha
  2617 | D:3      | Killed Terence
  2617 | D:3      | Reached skill level 1 in Translocations
  2617 | D:3      | Gained mutation: You can fly. [Tengu growth]
  2617 | D:3      | Reached XP level 5. HP: 28/28 MP: 3/11
  2973 | D:3      | Found a runed door.
  2989 | D:3      | Noticed Crazy Yiuf
  3000 | D:3      | Killed Crazy Yiuf
  3257 | D:4      | Found a glowing drain.
  3431 | Sewer    | Entered a sewer
  3476 | Sewer    | Noticed Purgy
  3503 | Sewer    | Killed Purgy
  3503 | Sewer    | Reached skill level 1 in Poison Magic
  3873 | D:4      | Reached XP level 6. HP: 17/32 MP: 12/12
  4384 | D:4      | Reached skill level 1 in Charms
  4782 | D:5      | Entered Level 5 of the Dungeon
  5284 | D:5      | Reached XP level 7. HP: 33/36 MP: 7/14
  5317 | D:5      | Reached skill level 5 in Conjurations
  5444 | D:5      | Found a shattered altar of Ashenzari.
  5631 | D:5      | Found a staircase to the Ecumenical Temple.
  5657 | Temple   | Entered the Ecumenical Temple
  5683 | Temple   | Became a worshipper of Makhleb the Destroyer
  5716 | D:5      | Noticed Menkaure
  5778 | D:5      | Reached skill level 5 in Air Magic
  5778 | D:5      | Reached XP level 8. HP: 26/41 MP: 3/15
  5908 | D:5      | Gained mutation: Armour fits poorly on your strangely shaped body. [potion of mutation]
  5908 | D:5      | Gained mutation: Your muscles are strong. (Str +2) [potion of mutation]
  5908 | D:5      | Lost mutation: Your muscles are strong. (Str +2) [potion of mutation]
  5909 | D:5      | Gained mutation: You expend magic power (3 MP) to strengthen your wands. [potion of mutation]
  5909 | D:5      | Gained mutation: You tend to lose your temper in combat. [potion of mutation]
  5909 | D:5      | Gained mutation: Potions and wands are less effective at restoring your health. [potion of mutation]
  5916 | D:5      | Killed Menkaure
  6007 | D:5      | Found a deep blue altar of Sif Muna.
  6047 | D:5      | Noticed Pikel
  6721 | D:5      | Learned a level 3 spell: Conjure Flame
  6825 | D:5      | Killed Pikel
  6825 | D:5      | Reached skill level 5 in Spellcasting
  7306 | D:6      | Reached XP level 9. HP: 27/45 MP: 12/18
  7774 | D:6      | Gained mutation: You are covered in fur. (AC +1) [mutagenic meat]
  7775 | D:6      | Gained mutation: Your muscles are strong. (Str +2) [mutagenic meat]
  7776 | D:6      | Lost mutation: Your muscles are strong. (Str +2) [mutagenic meat]
  7778 | D:6      | Gained mutation: You are somewhat resistant to further mutation. [mutagenic meat]
  8057 | D:6      | Found a blossoming altar of Fedhas.
  8117 | D:6      | Reached * piety under Makhleb
  8123 | D:6      | Found a runed door.
  8125 | D:6      | Found a runed door.
  8774 | D:7      | Reached skill level 1 in Fire Magic
  8840 | D:7      | Found a sand-covered staircase.
  9019 | D:7      | HP: 2/45 [cloud of noxious fumes (2)]
  9021 | D:7      | Slain by an ogre

Skill      XL: |  1  2  3  4  5  6  7  8  9 |
---------------+----------------------------+-----
Conjurations   | 2 3 4 6 8 9 |  9.9
Air Magic      | 1 2 3 5 7 9 |  9.2
Translocations | 1 |  1.6
Poison Magic   | 1 2 |  2.0
Charms         | 1 |  1.2
Summonings     | 2 |  2.2
Spellcasting   | 4 5 |  5.9
Fire Magic     | 1 |  1.3
Dodging        | 3 |  3.1
Stealth        | |  2.6

Action                   |  1- 3 |  4- 6 |  7- 9 || total
-------------------------+-------+-------+-------++-------
Melee: Spear             |    23 |    17 |    27 ||    67
       Kick              |     6 |    17 |    25 ||    48
       Peck              |     4 |    15 |    26 ||    45
       Unarmed           |     1 |       |       ||     1
       Quarterstaff      |       |    59 |    49 ||   108
       Flail             |       |     2 |    20 ||    22
       Great mace        |       |    10 |       ||    10
       Trident           |       |       |    63 ||    63
       Whip              |       |       |    25 ||    25
 Cast: Magic Dart        |    50 |   122 |   155 ||   327
       Repel Missiles    |     1 |       |       ||     1
       Mephitic Cloud    |       |    11 |    31 ||    42
       Blink             |       |     2 |     6 ||     8
       Call Imp          |       |     6 |     2 ||     8
       Conjure Flame     |       |       |     7 ||     7
 Abil: Fly               |       |     1 |     1 ||     2
  Use: Potion            |     2 |     1 |     8 ||    11
       Scroll            |       |     8 |     4 ||    12
 Stab: Confused          |       |     4 |     5 ||     9
       Sleeping          |       |     1 |     1 ||     2
       Petrifying        |       |     2 |       ||     2
       Petrified         |       |     1 |    10 ||    11
  Eat: Chunk             |     1 |     1 |     6 ||     8
       Bread ration      |       |     2 |       ||     2
       Meat ration       |       |     1 |     2 ||     3
       Beef jerky        |       |       |     1 ||     1
Armor: Robe              |     4 |    12 |       ||    16
       Leather armour    |       |    14 |    27 ||    41
Dodge: Dodged            |    11 |    77 |   109 ||   197
       Deflected         |       |     2 |     2 ||     4
